 Dungeon Crawl Stone Soup version 0.22-a0-283-g1871b15 (webtiles) character file.

5084 Amnesiac the Zephyrmancer (level 10, 0/61 HPs)
             Began as a Tengu Air Elementalist on Mar 20, 2018.
             Was an Initiate of Sif Muna.
             Slain by an ice beast (7 damage)
             ... on level 8 of the Dungeon.
             The game lasted 00:17:36 (8918 turns).

Amnesiac the Zephyrmancer (Tengu Air Elementalist)  Turns: 8918, Time: 00:17:37

Health: 0/61       AC:  3    Str:  8    XL:     10   Next: 57%
Magic:  4/26       EV: 14    Int: 18    God:    Sif Muna [......]
Gold:   476        SH:  0    Dex: 16    Spells: 19/31 levels left

rFire    x . .     SeeInvis .   a - +2 dagger (elec)
rCold    + . .     Gourm    .   (no shield)
rNeg     . . .     Faith    .   B - +1 robe
rPois    .         Spirit   .   (helmet restricted)
rElec    .         Reflect  .   k - +0 cloak
rCorr    .         Harm     .   (no gloves)
MR       +....                  (boots unavailable)
Stlth    ++........             u - amulet of rage
HPRegen  0.20/turn              d - ring of ice
MPRegen  0.20/turn              v - ring of protection from magic

@: no status effects
A: beak, talons 3, deformed body, robust 1, able to fly 1
a: Fly, Renounce Religion, Evoke Berserk Rage


You were on level 8 of the Dungeon.
You worshipped Sif Muna.
Sif Muna was noncommittal.
You were near starving.

You visited 2 branches of the dungeon, and saw 9 of its levels.
You also visited: Ossuary.

You collected 476 gold pieces.

Inventory:

Hand Weapons
 a - a +2 dagger of electrocution (weapon)
 b - a +3 dagger of venom
Armour
 k - a +0 cloak (worn)
 B - a +1 robe (worn)
Jewellery
 d - a ring of ice (left hand)
 u - an amulet of rage (around neck)
 v - a ring of protection from magic (right hand)
Wands
 m - a wand of flame (20)
 o - a wand of polymorph (13)
 x - a wand of random effects (28)
Scrolls
 g - a scroll of magic mapping {!r}
 h - 2 scrolls of amnesia {!r}
 n - a scroll of teleportation {!r}
 y - 4 scrolls of remove curse {!r}
Potions
 e - 2 potions of heal wounds {!q}
 f - 2 potions of lignification {!q, unknown}
 i - a potion of might {!q}
 l - 4 potions of curing {!q}
 s - a potion of berserk rage {!q}
 t - a potion of brilliance {!q}
 w - a potion of agility {!q}
 C - a potion of ambrosia {!q}
 D - a potion of resistance {!q}
Comestibles
 c - 12 rations


   Skills:
 - Level 4.1 Fighting
 - Level 4.0 Dodging
 - Level 2.0 Stealth
 * Level 11.0 Spellcasting
 - Level 1.3 Conjurations
 + Level 11.0 Air Magic


You had 19 spell levels left.
You knew the following spells:

 Your Spells              Type           Power        Failure   Level  Hunger
a - Airstrike             Air            #####.....   1%          4    ##.....
b - Shock                 Conj/Air       ####         1%          1    None
c - Swiftness             Chrm/Air       ####....     1%          2    None
d - Lightning Bolt        Conj/Air       ####......   16%         5    #####..


Dungeon Overview and Level Annotations

Branches:
Dungeon (8/15)             Temple (1/1) D:7
   Lair: D:8-11

Altars:
Ashenzari
Dithmenos
Elyvilon
Fedhas
Gozag
Hepliaklqana
Kikubaaqudgha
Makhleb
Nemelex Xobeh
Okawaru
Qazlal
Ru
Sif Muna
Trog
Uskayaw
Vehumet
Wu Jian
Xom
Yredelemnul
Zin
The Shining One

Shops:
D:6 (


Innate Abilities, Weirdness & Mutations

You have a beak for a mouth.
You have claws for feet.
You can fly.
Armour fits poorly on your strangely shaped body.
You are robust. (+10% HP)


Message History

Press: ? - help, Shift-Dir - straight line You hear a mighty clap of thunder!
The bolt of lightning misses Joseph.
The bolt of lightning hits Joseph.
You kill Joseph!
Sif Muna accepts your kill.
Training target 4.0 for Fighting reached!
Your Fighting skill increases to level 4!
Your Air Magic skill increases to level 11!
You are near starving!
y - 4 scrolls of remove curse {!r} (gained 1)
Items here: ( )) [ a hunting sling; an uncursed quarterstaff; 37 sling bullets; a ring mail There isn't anything to butcher here.
You start resting.
You are starting to lose your buoyancy.
You see here 2 sling bullets.
You float gracefully downwards.
Found a rapier.
A wyvern comes into view.
Casting: Lightning Bolt (quite dangerous; 16% risk of failure)
Confirm with . or Enter, or press ? or * to list all spells.
Aiming: Airstrike (safe; 1% risk of failure)
Press: ? - help, Dir - move target cursor, f - wyvern
Aim: a wyvern (hasn't noticed you)
The air twists around and violently strikes the wyvern!
The wyvern hisses angrily.
The wyvern is heavily wounded.
An ice beast comes into view.
Casting: Airstrike (safe; 1% risk of failure)
Confirm with . or Enter, or press ? or * to list all spells.
Aiming: Airstrike (safe; 1% risk of failure)
Press: ? - help, Dir - move target cursor, f/p - wyvern
Aim: a wyvern (heavily wounded)
The air twists around and violently strikes the wyvern!
The wyvern is almost dead.
Casting: Airstrike (safe; 1% risk of failure)
Confirm with . or Enter, or press ? or * to list all spells.
Aiming: Airstrike (safe; 1% risk of failure)
Press: ? - help, Dir - move target cursor, f/p - wyvern
Aim: a wyvern (almost dead)
The air twists around and violently strikes the wyvern!
You kill the wyvern!
Sif Muna accepts your kill.
Your Spellcasting skill increases to level 11!
Casting: Airstrike (safe; 1% risk of failure)
Confirm with . or Enter, or press ? or * to list all spells.
You don't have enough magic to cast that spell.
Unknown command.
Put on which piece of jewellery? (? for menu, Esc to quit)
You feel more attuned to ice.
d - a ring of ice (left hand)
The ice beast hits you.
* * * LOW HITPOINT WARNING * * *
The ice beast freezes you. You resist.
* * * LOW HITPOINT WARNING * * *
The ice beast hits you.
* * * LOW HITPOINT WARNING * * *
The ice beast freezes you. You resist.
* * * LOW HITPOINT WARNING * * *
A shadow imp comes into view.
The ice beast hits you.
* * * LOW HITPOINT WARNING * * *
The ice beast freezes you! You resist.
You die...

############
#..........#
...........############
.............(.......>#
......†Y@..#####.######
...........# #...#
...........# ###.#
...........# #.#
.5.......?.# #.#
...........# #.#
#...)......# #)######
####......## #..(....
#......# ########


You could see an ice beast and a shadow imp (wandering).

Vanquished Creatures
  A two-headed ogre (D:6)
  The ghost of Amnesiac the Gusty, a novice TeAE (D:4)
  Joseph (D:8)
  2 wyverns (D:8)
  A water moccasin (D:5)
  An ice beast (D:7)
  2 black bears
  3 sky beasts
  An eye of draining (D:8)
  An orc warrior (D:6)
  8 ogres
  The ghost of vishdafish the Covered, an amateur GrFi (D:3)
  5 bullfrogs
  2 elf zombies (Ossuary)
  A gnoll sergeant (D:6)
  A water moccasin zombie (D:8)
  A scorpion (D:7)
  A howler monkey (D:6)
  7 crimson imps
  A centaur zombie (Ossuary)
  2 hounds
  8 orc wizards
  4 orc priests
  A human zombie (Ossuary)
  Crazy Yiuf (D:7)
  Natasha (thrice) (D:2)
  2 iguanas
  6 worker ants
  A big kobold zombie (Ossuary)
  3 mummies (Ossuary)
  A hound skeleton (D:6)
  A worker ant zombie (D:7)
  Robin (D:3)
  5 gnolls (D:6)
  5 adders
  A shadow imp (D:6)
  An ooze (D:1)
  5 adder zombies
  An adder skeleton (D:6)
  4 worms
  4 dart slugs (D:1)
  4 leopard geckos
  27 orcs
  9 giant cockroaches
  21 goblins
  2 hobgoblins
  7 jackals
  6 kobolds
  4 quokkas
  5 bats
  5 frilled lizards
  A giant cockroach zombie (D:6)
  A gnoll zombie (Ossuary)
  2 goblin zombies (Ossuary)
  4 hobgoblin zombies (Ossuary)
  3 jackal zombies (Ossuary)
  4 kobold zombies (Ossuary)
  3 orc zombies (Ossuary)
  A quokka skeleton (D:6)
  3 quokka zombies (Ossuary)
  6 rats
  2 rat zombies (Ossuary)
222 creatures vanquished.

Notes
Turn   | Place    | Note
-------+----------+-------------------------------------------
     0 | D:1      | Amnesiac the Tengu Air Elementalist began the quest for the Orb.
     0 | D:1      | Reached XP level 1. HP: 10/10 MP: 4/4
    82 | D:1      | Reached XP level 2. HP: 16/16 MP: 4/6
   581 | D:1      | Reached skill level 1 in Fighting
   581 | D:1      | Reached XP level 3. HP: 12/20 MP: 7/7
   847 | D:1      | Reached skill level 5 in Air Magic
  1326 | D:2      | Noticed Natasha
  1470 | D:4      | Noticed an ogre
  1477 | D:3      | Noticed vishdafish's ghost (amateur GrFi)
  1509 | D:4      | Noticed Amnesiac's ghost (novice TeAE)
  1533 | D:4      | Gained mutation: Armour fits poorly on your strangely shaped body. [potion of mutation]
  1533 | D:4      | Gained mutation: You are robust. (+10% HP) [potion of mutation]
  1560 | D:4      | Killed Amnesiac's ghost
  1560 | D:4      | Reached XP level 4. HP: 16/30 MP: 0/10
  1560 | D:4      | Gained mutation: You can fly. [Tengu growth]
  1560 | D:4      | Reached XP level 5. HP: 19/35 MP: 0/11
  1560 | D:4      | Reached XP level 6. HP: 22/40 MP: 0/12
  1566 | D:4      | Learned a level 4 spell: Airstrike
  1569 | D:4      | Learned a level 2 spell: Swiftness
  1575 | D:4      | Learned a level 5 spell: Lightning Bolt
  1739 | D:4      | Found a sand-covered staircase.
  1746 | Ossuary  | Entered an ossuary
  1825 | Ossuary  | Reached XP level 7. HP: 30/45 MP: 13/13
  2684 | Ossuary  | Reached skill level 5 in Spellcasting
  3180 | D:2      | Killed Natasha
  3265 | D:2      | Noticed Natasha
  3271 | D:2      | Killed Natasha
  3409 | D:2      | Noticed Natasha
  3412 | D:2      | Killed Natasha
  3412 | D:2      | Reached XP level 8. HP: 50/50 MP: 13/17
  4706 | D:3      | Killed vishdafish's ghost
  4849 | D:3      | Noticed Robin
  4906 | D:3      | Killed Robin
  5225 | D:5      | Entered Level 5 of the Dungeon
  5371 | D:5      | Found a shimmering altar of Xom.
  5485 | D:5      | Reached XP level 9. HP: 55/55 MP: 11/22
  6105 | D:6      | Found an iron altar of Okawaru.
  6105 | D:6      | Found a blossoming altar of Fedhas.
  6307 | D:6      | Noticed a two-headed ogre
  6337 | D:6      | Killed a two-headed ogre
  6576 | D:6      | Reached skill level 10 in Air Magic
  6617 | D:6      | Reached skill level 10 in Spellcasting
  6811 | D:6      | Reached XP level 10. HP: 53/61 MP: 16/25
  6984 | D:6      | Found a sacrificial altar of Ru.
  7174 | D:6      | Found a radiant altar of Vehumet.
  7204 | D:6      | Found a hazy altar of Hepliaklqana.
  7228 | D:6      | Found a radiant altar of Vehumet.
  7403 | D:6      | Found Pourchuw's Antique Weapon Shop.
  7721 | D:7      | Found a runed door.
  7985 | D:7      | Found a staircase to the Ecumenical Temple.
  7993 | Temple   | Entered the Ecumenical Temple
  8068 | Temple   | Became a worshipper of Sif Muna the Loreminder
  8401 | D:7      | Noticed Crazy Yiuf
  8403 | D:7      | Killed Crazy Yiuf
  8826 | D:8      | Noticed Joseph
  8847 | D:8      | Killed Joseph
  8918 | D:8      | Slain by an ice beast

Vault maps used:
D:1:      dpeg_arrival_simpleton_c
D:2:      serial_bayou_pond_b, uniq_natasha
D:3:      first_ration, kennysheep_nub, uniq_robin
D:4:      enter_ossuary_1, kennysheep_doodads, grunt_ministairs_10,
          hangedman_decor_opposing
D:5:      led_xom_imps
D:6:      grunt_temple_overflow_open, kennysheep_diamond,
          minmay_misc_feat_diagonals, vehumet_altar_wand_db
D:7:      minmay_temple_entry_glassed_door, uniq_crazy_yiuf_cottage
D:8:      uniq_psyche, uniq_joseph, uniq_pikel
Temple:   eino_temple_rhombus
Ossuary:  minmay_ossuary_two_tombs

Skill      XL: |  1  2  3  4  5  6  7  8  9 10 |
---------------+-------------------------------+-----
Fighting       | 1 3 4 |  4.1
Air Magic      | 7 8 10 11 | 11.0
Spellcasting   | 3 5 8 10 11 | 11.0
Dodging        | 3 4 |  4.0
Stealth        | |  2.0
Conjurations   | |  1.3

Action                   |  1- 3 |  4- 6 |  7- 9 | 10-12 || total
-------------------------+-------+-------+-------+-------++-------
Melee: Short sword       |    75 |       |       |       ||    75
       Peck              |    14 |     4 |    15 |     3 ||    36
       Kick              |    18 |     4 |    40 |     3 ||    65
       Unarmed           |     1 |       |       |       ||     1
       Dagger            |    16 |    22 |   133 |    15 ||   186
 Cast: Shock             |    21 |    11 |   238 |     5 ||   275
       Airstrike         |       |     2 |    47 |    71 ||   120
       Lightning Bolt    |       |       |     3 |     5 ||     8
 Abil: Fly               |       |       |       |     1 ||     1
  Use: Potion            |     5 |       |       |       ||     5
       Scroll            |     3 |       |    13 |     2 ||    18
 Stab: Sleeping          |     1 |       |     1 |       ||     2
  Eat: Chunk             |     2 |     1 |    18 |    10 ||    31
       Ration            |       |       |     1 |       ||     1
Armor: Robe              |    20 |     1 |    15 |     2 ||    38
Dodge: Dodged            |    63 |    12 |    77 |    26 ||   178

Table legend:
 A = Spawn XP
 B = Non-spawn XP
 C = Spawn XP percentage of total XP
 D = Spawn monster count
 E = Non-spawn monster count
 F = Spawn count percentage of total count
 G = Total turns spent on level
                    A         B        C        D         E        F      G
               +---------+---------+-------+---------+---------+-------+---------
         Total |       0 |    7264 |   0.0 |       0 |     222 |   0.0 |  8918
               +---------+---------+-------+---------+---------+-------+---------
           D:1 |       0 |      60 |   0.0 |       0 |      29 |   0.0 |  1274
           D:2 |       0 |     148 |   0.0 |       0 |      14 |   0.0 |   652
           D:3 |       0 |     346 |   0.0 |       0 |      36 |   0.0 |   818
           D:4 |       0 |    1164 |   0.0 |       0 |      25 |   0.0 |  1438
           D:5 |       0 |    1079 |   0.0 |       0 |      30 |   0.0 |   958
           D:6 |       0 |    1869 |   0.0 |       0 |      33 |   0.0 |  1407
           D:7 |       0 |     849 |   0.0 |       0 |      13 |   0.0 |   714
           D:8 |       0 |    1353 |   0.0 |       0 |       9 |   0.0 |   477
       Ossuary |       0 |     396 |   0.0 |       0 |      33 |   0.0 |  1043
               +---------+---------+-------+---------+---------+-------+---------
